 Dungeon Crawl Stone Soup version 0.28.0-47-ge53b351184 (webtiles) character file.

Game seed: 14558390781070053561

113 101zpm the Magician (level 5, -6/35 HPs)
             Began as a Djinni Fire Elementalist on Apr 30, 2022.
             Mangled by a wyvern skeleton (14 damage)
             ... on level 3 of the Dungeon.
             The game lasted 00:02:51 (2334 turns).

101zpm the Magician (Djinni Fire Elementalist)      Turns: 2334, Time: 00:02:52

Health: -6/35      AC:  2    Str:  7    XL:     5   Next: 17%
Gold:   83         EV: 12    Int: 19    God:
                   SH:  0    Dex: 13

rFire   + + .      SeeInvis .   (no weapon)
rCold   x . .      Faith    .   (no shield)
rNeg    . . .      Spirit   .   a - +0 robe
rPois   ∞          Reflect  .   (no helmet)
rElec   .          Harm     .   (no cloak)
rCorr   .          Rampage  .   (no gloves)
Will    .....                   (boots unavailable)
Stlth   ++........              (no amulet)
HPRegen 0.11/turn               (no ring)
MPRegen 0.00/turn               (no ring)

@: flying
A: sickness immunity, fire resistance 2, cold vulnerability 1, float, innate
caster, HP casting, extra vitality 1
a: no special abilities


You were on level 3 of the Dungeon.
You visited 1 branch of the dungeon, and saw 3 of its levels.

You collected 83 gold pieces.

Inventory:

Armour
 a - a +0 robe (worn)
Scrolls
 c - a scroll of teleportation {unknown}
 e - a scroll of silence {unknown}
Potions
 b - 2 potions of brilliance {unknown}
 d - a potion of degeneration {unknown}


   Skills:
 + Level 2.4 Dodging
 + Level 2.0 Stealth
 + Level 4.0 Spellcasting


You couldn't memorise any spells.
You knew the following spells:

 Your Spells              Type           Power      Damage    Failure   Level
a - Foxfire               Conj/Fire      76%        2x1d7     2%          1
b - Scorch                Fire           38%        2d6       4%          2
c - Conjure Flame         Conj/Fire      19%        6-21      8%          3
d - Inner Flame           Hex/Fire       19%        N/A       8%          3
e - Flame Wave            Conj/Fire      19%        2d6       26%         4
f - Summon Small Mammal   Summ           76%        N/A       2%          1
g - Static Discharge      Conj/Air       19%        N/A       4%          2
Your spell library was empty.

Dungeon Overview and Level Annotations

Branches:
Dungeon (3/15)

Altars:
Ashenzari


Innate Abilities, Weirdness & Mutations

You are immune to sickness and miasma.
You are immune to poison.
Your flesh is very heat resistant. (rF++)
You are vulnerable to cold. (rC-)
You float through the air rather than walking.
You learn spells naturally, not from books.
Your magical power is your life essence.
You have superior vitality. (+4 MHP)


Message History

A ball python is nearby!
You conjure some foxfire!
The ball python hisses angrily.
You conjure some foxfire!
The foxfire hits the ball python.
The ball python is severely wounded.
You conjure some foxfire!
The foxfire hits the ball python.
You kill the ball python!
You conjure some foxfire!
You conjure some foxfire!
You conjure some foxfire!
Your foxfire dissipates! x2
Your foxfire dissipates!
Your foxfire dissipates!
e - a scroll labelled UDUAMN MAIT A wyvern skeleton comes into view.
A wyvern skeleton is nearby!
A wyvern skeleton is nearby!
A wyvern skeleton is nearby!
You conjure some foxfire!
You conjure some foxfire!
The foxfire hits the wyvern skeleton!
The wyvern skeleton is moderately damaged.
You conjure some foxfire!
You conjure some foxfire!
You conjure some foxfire!
The foxfire hits the wyvern skeleton.
The wyvern skeleton is moderately damaged.
Your foxfire dissipates!
The foxfire hits the wyvern skeleton.
The wyvern skeleton is heavily damaged.
The wyvern skeleton bites you!
You conjure some foxfire!
The wyvern skeleton bites you!
* * * LOW HITPOINT WARNING * * *
The foxfire hits the wyvern skeleton.
The wyvern skeleton is heavily damaged.
The foxfire hits the wyvern skeleton.
The wyvern skeleton is severely damaged.
Casting: Foxfire (safe; 2% risk of failure)
Confirm with . or Enter, or press ? or * to list all spells.
* * * LOW HITPOINT WARNING * * *
The wyvern skeleton bites you!
You die...

#########
........# ##Z##
##§§@######..
.####§.#.........
...§§..r.#######.
.######.##
#.########
#..........#.
#.#######.... #.#
#....
#.######.....


You could see a wyvern skeleton (ally target) and a friendly rat (summoned).

Vanquished Creatures
  A water moccasin skeleton (D:3)
  Terence (D:2)
  An adder (D:2)
  3 worms (D:2)
  An endoplasm (D:1)
  2 giant cockroaches (D:2)
  3 hobgoblins
  2 quokkas (D:2)
  5 ball pythons
  A ball python zombie (D:2)
  6 bats
  A frilled lizard (D:2)
  A giant cockroach zombie (D:2)
  A kobold (D:2)
  A quokka zombie (D:2)
30 creatures vanquished.

Vanquished Creatures (collateral kills)
  3 foxfires (D:2)
3 creatures vanquished.

Vanquished Creatures (others)
  238 foxfires
238 creatures vanquished.

Grand Total: 271 creatures vanquished

Notes
Turn   | Place    | Note
-------+----------+-------------------------------------------
     0 | D:1      | 101zpm the Djinni Fire Elementalist began the quest for the
                  | Orb.
     0 | D:1      | Reached XP level 1. HP: 15/15 MP: 0/0
   307 | D:2      | Reached XP level 2. HP: 10/21 MP: 0/0
   576 | D:2      | Noticed Terence
   586 | D:2      | Killed Terence
   587 | D:2      | Reached skill level 3 in Spellcasting
   587 | D:2      | Reached XP level 3. HP: 14/25 MP: 0/0
   587 | D:2      | Learned a level 1 spell: Summon Small Mammal
   961 | D:2      | Reached XP level 4. HP: 21/31 MP: 0/0
  1627 | D:2      | Found a faded altar of an unknown god.
  1807 | D:2      | Found a broken altar of Ashenzari.
  2114 | D:3      | Reached skill level 4 in Spellcasting
  2114 | D:3      | Reached XP level 5. HP: 30/35 MP: 0/0
  2114 | D:3      | Learned a level 2 spell: Static Discharge
  2334 | D:3      | Mangled by a wyvern skeleton

Illustrated notes

Levels and vault maps discovered:
D:1:      kennysheep_arrival_forest, layout_rooms
D:2:      layout_rooms, serial_undead, serial_undead_b, serial_undead_e,
          serial_undead_a, serial_undead_e, serial_undead_f, serial_undead_d,
          basic_altar, shapermc_ecumenical_altar_mp_highgroup,
          serial_bayou_pond_d, uniq_terence
D:3:      layout_loops_ring, dk_noncrumbling_3, uniq_sigmund, uniq_jessica

Skill      XL: |  1  2  3  4 |
---------------+-------------+-----
Spellcasting   | 3 4 |  4.0
Stealth        | 2 |  2.0
Dodging        | |  2.4

Action                   |  1- 3 |  4- 6 || total
-------------------------+-------+-------++-------
 Cast: Foxfire           |    52 |   100 ||   152
       Summon Small Mamm |     6 |     3 ||     9
Dodge: Dodged            |     6 |       ||     6
